 Dungeon Crawl Stone Soup version 0.28.0 (webtiles) character file.

Game seed: 9278262258368594472

441 croobank the Ducker (level 6, -2/55 HPs)
             Began as a Deep Dwarf Arcane Marksman on Feb 13, 2022.
             Was an Initiate of Ashenzari.
             Slain by a hornet zombie (11 damage)
             ... on level 4 of the Dungeon.
             The game lasted 00:18:09 (3600 turns).

croobank the Ducker (Deep Dwarf Arcane Marksman)    Turns: 3600, Time: 00:18:09

Health: -2/55      AC:  3    Str: 14    XL:     6   Next: 70%
Magic:  0/7        EV: 13    Int: 15    God:    Ashenzari [......]
Gold:   179        SH:  0    Dex: 13    Spells: 9/10 levels left

rFire   . . .      SeeInvis .   a - +2 dagger (drain)
rCold   . . .      Faith    .   (no shield)
rNeg    . . .      Spirit   +   d - +1 robe of Ashenzari's Stars {Elem, Range} (curse)
rPois   .          Reflect  .   (no helmet)
rElec   .          Harm     .   (no cloak)
rCorr   .          Rampage  .   (no gloves)
Will    .....                   (no boots)
Stlth   +.........              g - amulet of guardian spirit
HPRegen 0.00/turn               (no ring)
MPRegen 0.10/turn               (no ring)

@: no status effects
A: damage resistance, heal wounds, sense surroundings 1, no regeneration
a: Heal Wounds, Renounce Religion, Shatter the Chains


You were on level 4 of the Dungeon.
You worshipped Ashenzari.
Ashenzari was noncommittal.
You visited 1 branch of the dungeon, and saw 4 of its levels.
You also visited: Sewer.

You collected 179 gold pieces.

Inventory:

Hand Weapons
 a - a +2 dagger of draining (weapon)
 b - a +0 hand crossbow
 e - a +0 hand axe
 p - a +0 hunting sling
 v - a +1 dagger of holy wrath
Missiles
 c - 40 bolts
 f - 49 arrows
 j - 186 stones
 r - a curare-tipped dart (quivered)
 s - 5 poisoned darts
Armour
 d - the cursed +1 robe of Ashenzari's Stars (worn) {Elem, Range}

   It has a curse which improves the following skills: Elements: Fire Magic, Ice
   Magic, Air Magic and Earth Magic.
   Ranged Combat: Slings, Bows, Crossbows and Throwing.
 y - a +0 ring mail
Jewellery
 g - an amulet of guardian spirit (around neck)
 k - a ring of ice
 n - an amulet of the acrobat
Wands
 o - a wand of acid (9)
 u - a wand of iceblast (11)
Scrolls
 m - a scroll of summoning
 w - a scroll of teleportation
 z - a scroll of blinking {unknown}
Potions
 h - a potion of might
 i - 4 potions of curing
 l - a potion of cancellation {unknown}
 q - a potion of attraction {unknown}
 t - 2 potions of flight
 x - a potion of resistance {unknown}


   Skills:
 + Level 2.7 Fighting
 + Level 4.0(4.4) Crossbows
 + Level 4.0 Dodging
 + Level 2.6 Spellcasting
 + Level 3.5 Hexes


You had 9 spell levels left.
You knew the following spells:

 Your Spells              Type           Power      Damage    Failure   Level
a - Slow                  Hex            48%        N/A       4%          1

Your spell library contained the following spells:

 Spells                   Type           Power      Damage    Failure   Level
 Inner Flame              Hex/Fire       7%         N/A       30%         3
 Portal Projectile        Hex/Tloc       14%        N/A       30%         3
 Cause Fear               Hex            6%         N/A       43%         4


Dungeon Overview and Level Annotations

Branches:
Dungeon (4/15)              Sewer (visited)
 Temple: D:4-7

Altars:
Ashenzari

Annotations:
D:4 1 transporter, DemonSlayer's ghost, amateur DEWz


Innate Abilities, Weirdness & Mutations

You are resistant to damage.
You can heal yourself by infusing magical energy.
You passively map a small area around you.
You do not regenerate.


Message History

You completely miss the hornet zombie.
The hornet zombie is heavily damaged.
The hornet zombie misses you.
You hit the hornet zombie.
The hornet zombie is heavily damaged.
The hornet zombie hits you.
You closely miss the hornet zombie.
The hornet zombie is heavily damaged.
The hornet zombie hits you!
You hit the hornet zombie but do no damage.
The hornet zombie is heavily damaged.
The hornet zombie hits you but does no damage. x2
You hit the hornet zombie.
The hornet zombie is heavily damaged.
The hornet zombie barely misses you.
You barely miss the hornet zombie.
The hornet zombie is heavily damaged.
The hornet zombie hits you!
* * * LOW HITPOINT WARNING * * *
You hit the hornet zombie but do no damage.
The hornet zombie is heavily damaged.
The hornet zombie closely misses you. x2
You hit the hornet zombie but do no damage.
The hornet zombie is heavily damaged.
The hornet zombie hits you!
* * * LOW HITPOINT WARNING * * *
You hit the hornet zombie.
The hornet zombie is heavily damaged.
The hornet zombie barely misses you.
You feel much better. The hornet zombie hits you!
* * * LOW HITPOINT WARNING * * *
The hornet zombie hits you.
You hit the hornet zombie.
The hornet zombie is severely damaged.
The hornet zombie hits you!
* * * LOW HITPOINT WARNING * * *
You closely miss the hornet zombie.
The hornet zombie is severely damaged.
The hornet zombie hits you!
You die...

*
##.##############
#......Z@.......#
,
....##(#########.#
. #.. #.# , #...
#.# ##.. *
#####.### , * ##(
#.......# * #.
#.###.#.# , * #(
#.# #.#.# * * #.#
#...#


You could see a hornet zombie.

Vanquished Creatures
  2 kobold brigands (Sewer)
  A hound (D:4)
  2 iguanas (D:4)
  2 orc wizards
  A hound skeleton (D:4)
  4 adders
  A river rat (Sewer)
  4 worms
  A dart slug (D:2)
  8 orcs
  4 ball pythons
  8 endoplasms
  3 giant cockroaches
  5 goblins
  9 hobgoblins
  8 jackals (D:2)
  4 quokkas
  2 bats
  5 frilled lizards
  12 kobolds
  11 rats
97 creatures vanquished.

Vanquished Creatures (others)
  A fungus (D:2)
  11 plants (D:1)
  4 toadstools (D:2)
16 creatures vanquished.

Grand Total: 113 creatures vanquished

Notes
Turn   | Place    | Note
-------+----------+-------------------------------------------
     0 | D:1      | croobank the Deep Dwarf Arcane Marksman began the quest for
                  | the Orb.
     0 | D:1      | Reached XP level 1. HP: 16/16 MP: 2/2
   241 | D:1      | Reached skill level 1 in Fighting
   306 | D:1      | Reached XP level 2. HP: 13/23 MP: 3/3
  1164 | D:1      | Found a faded altar of an unknown god.
  1329 | D:2      | Reached XP level 3. HP: 30/31 MP: 0/4
  1828 | D:2      | Reached XP level 4. HP: 15/38 MP: 0/5
  2133 | D:3      | Found a broken altar of Ashenzari.
  2160 | D:3      | Became a worshipper of Ashenzari the Shackled
  2246 | D:3      | Found a glowing drain.
  2250 | Sewer    | Entered a sewer
  2317 | Sewer    | Noticed a kobold brigand
  2320 | Sewer    | Noticed a kobold brigand
  2339 | Sewer    | Killed a kobold brigand
  2340 | Sewer    | Reached XP level 5. HP: 40/45 MP: 0/6
  2425 | Sewer    | Found a white marble altar of Elyvilon.
  2726 | D:3      | Reached XP level 6. HP: 42/55 MP: 0/7
  3538 | D:4      | Found a transporter.
  3538 | D:4      | Noticed DemonSlayer's ghost (amateur DEWz)
  3600 | D:4      | Slain by a hornet zombie

Illustrated notes

Levels and vault maps discovered:
D:1:      elethiomel_arrival_maze, layout_basic, shapermc_ecumenical_altar_venn,
          lexackson_kobold_supper
D:2:      layout_rooms, kennysheep_donut, dk_noncrumbling_2,
          minmay_gold_behind_fungi
D:3:      layout_loops_ring, mainiacjoe_overflow_catwalk, gup_sewer_entry_bowl,
          minmay_misc_feat_tower, saegor_snake_ambush
D:4:      layout_loops_corners, gammafunk_ghost_smash

Skill      XL: |  1  2  3  4  5  6 |
---------------+-------------------+-----
Fighting       | 1 2 |  2.7
Dodging        | 3 4 |  4.0
Crossbows      | 3 4 |  4.0
Spellcasting   | 2 |  2.6
Hexes          | 3 |  3.5

Action                   |  1- 3 |  4- 6 || total
-------------------------+-------+-------++-------
Melee: Dagger            |    79 |   274 ||   353
       Punch             |       |     3 ||     3
 Fire: Hand crossbow     |    50 |    23 ||    73
Throw: Stone             |     1 |       ||     1
Invok: Curse Item        |       |     1 ||     1
 Abil: Heal Wounds       |     1 |     6 ||     7
  Use: Scroll            |     5 |     2 ||     7
 Stab: Sleeping          |     1 |     1 ||     2
Armor: Robe              |    20 |    35 ||    55
Dodge: Dodged            |    50 |   144 ||   194
